 Dungeon Crawl Stone Soup version 0.17-a0-1582-ge6b0260 (webtiles) character file.

85 Chiseanne the Magician (level 4, -2/33 HPs)
             Began as a Demonspawn Wanderer on July 27, 2015.
             Slain by a killer bee (3 damage)
             ... on level 2 of the Dungeon.
             The game lasted 00:05:35 (2187 turns).

Chiseanne the Magician (Demonspawn Wanderer)        Turns: 2187, Time: 00:05:36

Health: -2/33      AC:  6    Str: 15    XL:     4   Next: 25%
Magic:  9/9        EV: 11    Int: 13    God:
Gold:   44         SH:  0    Dex: 11    Spells: 3 memorised, 5 levels left

rFire  . . .     SeeInvis .     a - +1 hand axe (flame)
rCold  . . .     Clarity  .     e - +0 ring mail
rNeg   . . .     SustAt   .     (no shield)
rPois  +         Gourm    .     (helmet restricted)
rElec  .         Spirit   .     p - +0 cloak (curse)
rCorr  .         Warding  .     (no gloves)
rMut   .         Stasis   .     (no boots)
MR     .....                    (no amulet)
Stlth  +.........               (no ring)
                                b - ring of poison resistance

@: lethally poisoned (-2 -> -5), not resistant to hostile enchantments, very
unstealthy
A: antennae 1
a: no special abilities


You were on level 2 of the Dungeon.
You were not hungry.

You visited 1 branch of the dungeon, and saw 2 of its levels.

You collected 44 gold pieces.

Inventory:

Hand weapons
 a - a +1 hand axe of flaming (weapon)
Missiles
 h - 8 silver javelins (quivered)
 i - 24 bolts
 k - 12 poisoned needles
Armour
 e - a +0 ring mail (worn)
 p - a cursed +0 cloak (worn)
Jewellery
 b - a ring of poison resistance (left hand)
Potions
 l - a potion of ambrosia {unknown}
 n - a potion of degeneration {unknown}
 o - a potion of heal wounds {unknown}
Books
 m - a book of Spatial Translocations

   Spells                             Type                      Level
   a - Apportation                    Translocation                1
   b - Blink                          Translocation                2
   c - Shroud of Golubria             Charms/Translocation         2
   d - Portal Projectile              Translocation                3
   e - Teleport Other                 Translocation                3
   f - Passage of Golubria            Translocation                4
Comestibles
 c - a chunk of flesh
 g - a bread ration
 j - a meat ration


   Skills:
 * Level 1.9 Fighting
   Level 1.0 Polearms
 * Level 1.1 Armour
 + Level 1.7 Dodging
 - Level 1.7 Stealth
   Level 1.0 Shields
 * Level 3.5 Spellcasting
   Level 1.0 Hexes
 + Level 1.5 Translocations


You had 5 spell levels left.
You knew the following spells:

 Your Spells              Type           Power        Failure   Level  Hunger
a - Apportation           Tloc           #.........   28%         1    #......
b - Blink                 Tloc           N/A          38%         2    ##.....
c - Shroud of Golubria    Chrm/Tloc      #.........   52%         2    ##.....


Dungeon Overview and Level Annotations

Branches:
Dungeon (2/15)

Altars:


Innate Abilities, Weirdness & Mutations

You have a pair of small antennae on your head.


Message History

You kill the adder!
You hit the adder. You burn the adder.
The adder is moderately wounded.
You hit the killer bee. You burn the killer bee.
The killer bee is moderately wounded.
You feel sick.
The killer bee stings you but does no damage.
The adder closely misses you. The killer bee stings you!
* * * LOW HITPOINT WARNING * * *
The adder closely misses you.
You closely miss the worker ant. You closely miss the adder.
The adder is moderately wounded.
You barely miss the killer bee.
The killer bee is moderately wounded.
The killer bee stings you.
* * * LOW HITPOINT WARNING * * *
The killer bee closely misses you. The worker ant bites you.
* * * LOW HITPOINT WARNING * * *
The adder closely misses you. The killer bee stings you.
You die...

.........#....#####..,,******,*
.....###..(##)#(!(#+**,,,,,,*,*
.....##..###..#...#,,***,,,,,,*
#..####.##.#..#..^#,,*,**,*,***
#..# #.')[#..#...#,,*,,+,*,*
#..# #.##.#..#..?#,,*,**,*,*
...# #..###).#...#,,***,,*,*
...####....####Say#**#.s,,,,*
........##....##@##....#*****
........)...........#***
...#########.......## ...#
######### ..## ..# ..# ..# .##


You could see a worker ant, a killer bee and an adder.

Vanquished Creatures
  4 adders (D:2)
  3 oozes
  A giant gecko (D:2)
  2 giant cockroaches
  9 hobgoblins
  2 kobolds
  A quokka (D:2)
  3 bats
  2 giant newts
  3 goblins
  3 rats
33 creatures vanquished.

Notes
Turn   | Place    | Note
--------------------------------------------------------------
     0 | D:1      | Chiseanne the Demonspawn Wanderer began the quest for the Orb.
     0 | D:1      | Chiseanne set off with: a book of Spatial Translocations, the Volume of Crystal, a potion of lignification, a +0 robe, a +0 club, a +0 dagger, a bread ration
     0 | D:1      | Reached XP level 1. HP: 13/13 MP: 4/4
     1 | D:1      | Identified the Volume of Crystal
     3 | D:1      | Learned a level 1 spell: Apportation
   126 | D:1      | Reached skill level 1 in Fighting
   214 | D:1      | Gained mutation: You have a pair of small antennae on your head. [demonic ancestry]
   214 | D:1      | Reached XP level 2. HP: 9/21 MP: 6/6
  1081 | D:1      | Learned a level 2 spell: Blink
  1084 | D:1      | Learned a level 2 spell: Shroud of Golubria
  1258 | D:2      | HP: 1/31 [poisoned by an adder]
  1272 | D:2      | Reached XP level 3. HP: 11/26 MP: 7/7
  1716 | D:2      | Found a faded altar to an unknown god.
  2097 | D:2      | Reached skill level 1 in Armour
  2097 | D:2      | Reached XP level 4. HP: 26/33 MP: 9/9
  2181 | D:2      | Noticed a killer bee
  2187 | D:2      | HP: 1/33 [worker ant (4)]
  2187 | D:2      | Slain by a killer bee

Vault maps used:
D:1:      erik_arrival_gehennom
D:2:      ecumenical_altar_1, minmay_divided_ellipse

Action                   |  1- 3 |  4- 6 || total
-------------------------+-------+-------++-------
Melee: Club              |    56 |       ||    56
       Mace              |   103 |       ||   103
       Hand axe          |     8 |     9 ||    17
  Use: Scroll            |     6 |       ||     6
       Potion            |     2 |       ||     2
 Stab: Sleeping          |     1 |       ||     1
  Eat: Chunk             |     4 |       ||     4
